 Dungeon Crawl Stone Soup version 0.30-a0-170-g85af917532 (webtiles) character file.

Game seed: 14928053321423139497

2394 RepoMan the Tainter (level 9, 0/61 HPs)
             Began as a Mummy Venom Mage on Oct 1, 2022.
             Was a Follower of Fedhas.
             Slain by a warg (1 damage)
             ... on level 8 of the Dungeon.
             The game lasted 00:42:44 (10804 turns).

RepoMan the Tainter (Mummy Venom Mage)             Turns: 10804, Time: 00:42:45

Health: 0/61       AC:  3    Str: 16    XL:     9   Next: 22%
Magic:  7/13       EV: 11    Int: 14    God:    Fedhas [*.....]
Gold:   1097       SH:  5    Dex: 12    Spells: 3/13 levels left

rFire   x . .      SeeInvis .    o - +4 dagger
rCold   + + .      Faith    +    (no shield)
rNeg    + + +      Spirit   .    i - +0 leather armour {rC+}
rPois   ∞          Reflect  +    (no helmet)
rElec   .          Harm     .    (no cloak)
rCorr   .          Rampage  .    (no gloves)
Will    +....                    (no boots)
Stlth   +.........               f - amulet of reflection
HPRegen 0.20/turn                (no ring)
MPRegen 0.13/turn                (no ring)

@: no status effects
A: cold resistance 1, negative energy resistance 3, torment resistance 2, heat
vulnerability 1, in touch with death 1, no potions, faith
a: Renounce Religion


You were on level 8 of the Dungeon.
You worshipped Fedhas.
Fedhas was aware of your devotion.
You visited 2 branches of the dungeon, and saw 9 of its levels.

You collected 1097 gold pieces.

Inventory:

Hand Weapons
 n - a +1 short sword of venom
 o - a +4 dagger (weapon)
Missiles
 e - 6 atropa-tipped darts
 k - 5 curare-tipped darts
 r - a throwing net
Armour
 g - a +0 helmet
 i - a +0 leather armour of cold resistance (worn)
Jewellery
 d - an amulet of the acrobat
 f - an amulet of reflection (around neck)
 p - a ring of ice
Wands
 b - a wand of roots (4)
Scrolls
 a - a scroll of amnesia
 c - a scroll of immolation
 h - a scroll of identify
 j - 3 scrolls of teleportation
 l - a scroll of fear
 m - 2 scrolls of enchant weapon
 q - a scroll of blinking
 s - a scroll of brand weapon


   Skills:
 + Level 2.3 Fighting
 - Level 1.5 Dodging
 - Level 1.5 Stealth
 - Level 2.6 Spellcasting
 - Level 0.7 Transmutations
 * Level 10.5 Poison Magic


You had 3 spell levels left.
You knew the following spells:

 Your Spells              Type           Power      Damage    Failure   Level
a - Mephitic Cloud        Conj/Pois/Air  11%        N/A       19%         3
o - Olgreb's Toxic Radia  Pois           31%        N/A       3%          4
s - Sting                 Tmut/Pois      68%        1d6       2%          1
v - Poisonous Vapours     Pois/Air       32%        N/A       4%          2

Your spell library contained the following spells:

 Spells                   Type           Power      Damage    Failure   Level
 Sandblast                Erth           2%         2d4       26%         1
 Summon Small Mammal      Summ           4%         N/A       26%         1
 Passwall                 Tmut/Erth      1%         N/A       34%         2
 Call Canine Familiar     Summ           1%         N/A       63%         3
 Portal Projectile        Hex/Tloc       2%         N/A       63%         3
 Stone Arrow              Conj/Erth      2%         3d7       63%         3
 Summon Guardian Golem    Hex/Summ       1%         N/A       63%         3
 Leda's Liquefaction      Hex/Erth       0%         N/A       95%         4


Dungeon Overview and Level Annotations

Branches:
Dungeon (8/15)             Temple (1/1) D:7
   Lair: D:8-11

Altars:
Ashenzari
Cheibriados
Dithmenos
Fedhas
Gozag
Kikubaaqudgha
Makhleb
Nemelex Xobeh
Okawaru
Qazlal
Sif Muna
Uskayaw
Vehumet
Wu Jian
Xom

Shops:
D:3 [   D:4 :   D:5 (

Annotations:
D:3 exclusions: downstairs and 2 more exclusions
D:4 exclusion: downstairs
D:6 2 transporters, exclusion: wight, Caerun's ghost, novice GrRe
D:7 exclusion: upstairs


Innate Abilities, Weirdness & Mutations

You are immune to poison.
Your flesh is cold resistant. (rC+)
You are immune to negative energy. (rN+++)
You are immune to unholy pain and torment.
You are vulnerable to heat. (rF-)
You are in touch with the powers of death.
You do not drink.
You have a special connection with the divine. (Faith)


Message History

The warg barely misses you. The warg bites you.
You hit the warg but do no damage.
The warg is heavily wounded.
The warg bites you.
You hit the warg.
The warg is heavily wounded.
The warg barely misses you.
You barely miss the warg.
The warg is heavily wounded.
The warg bites you.
You hit the warg but do no damage.
The warg is severely wounded.
The warg bites you! The warg barely misses you.
You closely miss the warg.
The warg is severely wounded.
The warg misses you.
You are too injured to fight recklessly!
You are too injured to fight recklessly!
Casting: Sting (safe; 2% risk of failure)
Confirm with . or Enter, or press ? or * to list all spells.
Aiming: Sting (safe; 2% risk of failure)
Press: ? - help, Shift-Dir - straight line, f/p - warg
Aim: a warg (severely wounded, poisoned, 67% to hit)
The sting hits the warg but does no damage.
The warg looks even sicker.
The warg is severely wounded.
The warg bites you!
* * * LOW HITPOINT WARNING * * *
Aiming: Fastroot
Press: ? - help, Shift-Dir - straight line, f/p - warg
Aim: a warg (severely wounded, very poisoned)
The roots erupt in riotous growth!
Roots grab the warg.
The grasping roots constrict the warg.
You hear a howl!
The warg bites you!
* * * LOW HITPOINT WARNING * * *
The warg bites you.
You die...
Fedhas appreciates your contribution to the ecosystem.

#........ #######..
#....'.. #....#.> #....#..
######.. #..... #..
#.....##+# #.. #.....#@h+
#.. # #+## #.....#..# #..
.##h.. #.....#..# ..#...
#.....#..###....#
......####.....#....#....#
...............'....#....+
#....
.........h.)..)###+##....#
#....
#............#...#.....#
#....
#............#...#.....#
+....


You could see a warg (very poisoned, rooted).

Vanquished Creatures
  Pikel (D:5)
  An ice beast (D:7)
  A sky beast (D:7)
  A black bear (D:6)
  An orc warrior (D:6)
  2 ogres
  A phantom (D:7)
  A kobold brigand (D:7)
  A bullfrog (D:7)
  3 scorpions
  A wight (D:6)
  A killer bee (D:7)
  5 hounds
  A gnoll bouda (D:7)
  3 orc priests
  2 jellies (D:7)
  3 iguanas
  5 orc wizards
  Natasha (D:3)
  Robin (D:4)
  9 gnolls
  6 adders
  A shadow imp (D:5)
  A white imp (D:7)
  An ufetubus (D:5)
  A worm (D:2)
  8 dart slugs
  26 orcs
  6 ball pythons
  4 bats
  5 endoplasms
  2 giant cockroaches (D:3)
  17 goblins
  4 hobgoblins
  A quokka (D:4)
  3 frilled lizards
  5 kobolds
  2 rats (D:2)
138 creatures vanquished.

Vanquished Creatures (collateral kills)
  A phantom (D:4)
  An adder (D:4)
2 creatures vanquished.

Vanquished Creatures (others)
  2 killer bees (D:7)
  A kobold (D:4)
3 creatures vanquished.

Grand Total: 143 creatures vanquished

Notes
Turn   | Place    | Note
-------+----------+-------------------------------------------
     0 | D:1      | RepoMan the Mummy Venom Mage began the quest for the Orb.
     0 | D:1      | Reached XP level 1. HP: 13/13 MP: 4/4
    58 | D:1      | Found a faded altar of an unknown god.
   241 | D:1      | Reached XP level 2. HP: 19/19 MP: 2/5
   388 | D:1      | Reached skill level 3 in Poison Magic
  1246 | D:2      | Gained mutation: You are in touch with the powers of death.
                  | [Mummy growth]
  1246 | D:2      | Reached XP level 3. HP: 21/24 MP: 4/7
  1646 | D:2      | Reached skill level 4 in Poison Magic
  1646 | D:2      | Reached XP level 4. HP: 12/30 MP: 4/8
  2301 | D:3      | Learned a level 2 spell: Poisonous Vapours
  3280 | D:3      | Reached XP level 5. HP: 33/35 MP: 3/9
  3434 | D:3      | Found an ancient bone altar of Kikubaaqudgha.
  3434 | D:3      | Found a shimmering altar of Xom.
  3479 | D:3      | Found Olow's Antique Armour Shop.
  3514 | D:3      | Reached skill level 5 in Poison Magic
  3699 | D:3      | Noticed Natasha
  3712 | D:3      | Killed Natasha
  4059 | D:4      | Noticed Robin
  4426 | D:4      | Reached XP level 6. HP: 23/41 MP: 6/10
  5059 | D:4      | Reached skill level 6 in Poison Magic
  5535 | D:4      | Learned a level 4 spell: Olgreb's Toxic Radiance
  5585 | D:4      | Found Awaz's Book Boutique.
  5684 | D:5      | Entered Level 5 of the Dungeon
  5717 | D:5      | Found Cemy's Antique Weapon Emporium.
  5829 | D:5      | Reached XP level 7. HP: 46/46 MP: 3/11
  6058 | D:6      | Found a transporter.
  6079 | D:6      | Noticed Caerun's ghost (novice GrRe)
  6079 | D:6      | Noticed a troll
  6082 | D:6      | Found a transporter.
  6086 | D:6      | Reached skill level 7 in Poison Magic
  6380 | D:5      | Noticed Pikel
  6402 | D:5      | Killed Pikel
  6403 | D:5      | Reached skill level 8 in Poison Magic
  6403 | D:5      | Reached XP level 8. HP: 31/52 MP: 4/12
  6490 | D:4      | Killed Robin
  7165 | D:6      | Reached skill level 9 in Poison Magic
  7988 | D:7      | Found a staircase to the Ecumenical Temple.
  7997 | Temple   | Entered the Ecumenical Temple
  7997 | Temple   | Found a transporter.
  7997 | Temple   | Found a transporter.
  7999 | Temple   | Found a transporter.
  7999 | Temple   | Found a transporter.
  8022 | Temple   | Became a worshipper of Fedhas Madash
  8382 | D:7      | Reached skill level 10 in Poison Magic
  8513 | D:7      | Learned a level 3 spell: Mephitic Cloud
  8591 | D:7      | Reached XP level 9. HP: 57/58 MP: 7/13
  8832 | D:7      | Reached skill level 1 in Fighting
  9334 | D:7      | Reached * piety under Fedhas
  9630 | D:7      | Identified a scroll of acquirement
 10246 | D:8      | Acquired 761 gold pieces
 10268 | D:8      | Noticed a two-headed ogre
 10804 | D:8      | HP: 1/61 [warg (11)]
 10804 | D:8      | Slain by a warg

Illustrated notes

Levels and vault maps discovered:
D:1:      wander_arrival_fairy_ring, layout_loops_ring,
          hellmonk_ecumenical_altar_inner_sanctum, minmay_unequal
D:2:      layout_loops_ring
D:3:      layout_basic, nicolae_overflow_hidden_temple, serial_shops,
          shop_statue, minmay_fractal_squares_diagonal_5, uniq_natasha
D:4:      layout_basic, serial_shops, shop_fountains, minmay_close_crescents,
          uniq_robin
D:5:      layout_cave_pools, serial_shops, nicolae_stop_n_shop_2, uniq_pikel
D:6:      layout_basic, gammafunk_ghost_arena, serial_shops, shop
D:7:      nicolae_BIG_FREAKIN_CUBE, layout_loops_corners,
          minmay_temple_entry_antechambers, lemuel_flamethrower_2
D:8:      layout_gridville, erik_lair_orcish_takeover, minmay_chambers_of_fives
Temple:   hellmonk_temple_divided_pantheon

Skill      XL: |  1  2  3  4  5  6  7  8  9 |
---------------+----------------------------+-----
Poison Magic   | 3 4 5 6 8 10 | 10.5
Fighting       | 2 |  2.3
Dodging        | |  1.5
Stealth        | |  1.5
Spellcasting   | |  2.6
Transmutations | |  0.7

Action                   |  1- 3 |  4- 6 |  7- 9 || total
-------------------------+-------+-------+-------++-------
Melee: Dagger            |    16 |    75 |    78 ||   169
       Short sword       |     1 |       |       ||     1
       Punch             |       |       |     1 ||     1
Throw: Dart              |     1 |     5 |       ||     6
 Cast: Sting             |    39 |   148 |   104 ||   291
       Poisonous Vapours |       |     4 |    35 ||    39
       Olgreb's Toxic Ra |       |       |    14 ||    14
Evoke: Wand              |       |       |     4 ||     4
  Use: Scroll            |     1 |     8 |     8 ||    17
 Stab: Invisible         |       |     2 |       ||     2
Armor: Robe              |     3 |     7 |       ||    10
       Leather armour    |       |    18 |    28 ||    46
Dodge: Dodged            |    12 |    63 |    75 ||   150
Block: Other             |     2 |    32 |    29 ||    63
       Reflection        |       |     2 |       ||     2

Table legend: (Time is in decaauts)
 A = Elapsed time spent in this place.
 B = Non-inter-level travel time spent in this place.
 C = Inter-level travel time spent in this place.
 D = Time resting spent in this place.
 E = Time spent auto-exploring this place.
 F = Levels seen in this place.
 G = Mean time per level.
                   A        B        C        D        E       F      G
               +--------+--------+--------+--------+--------+-----+--------+
         Total |  10781 |  10415 |    366 |   4675 |   3229 |   9 | 1197.9 |
       Dungeon |  10737 |  10371 |    366 |   4675 |   3229 |   8 | 1342.1 |
        Temple |     43 |     43 |      0 |      0 |      0 |   1 |   43.0 |
               +--------+--------+--------+--------+--------+-----+--------+

Top non-repeatable levels by time:
     D:7: 2487 daAuts
     D:4: 1950 daAuts
     D:3: 1917 daAuts
     D:2: 1598 daAuts
     D:1: 904 daAuts
     D:5: 825 daAuts
     D:6: 755 daAuts
     D:8: 299 daAuts
  Temple: 43 daAuts
